 Dungeon Crawl Stone Soup version 0.19-a0-1821-g42c593c (console) character file.

326 rgaf the Cudgeler (level 6, -6/44 HPs)
             Began as a Mummy Gladiator on Oct 6, 2016.
             Mangled by an ogre
             ... wielding a +0 giant club
              (20 damage)
             ... on level 4 of the Dungeon.
             The game lasted 00:06:52 (5012 turns).

rgaf the Cudgeler (Mummy Gladiator)                 Turns: 5012, Time: 00:06:53

Health: -6/44      AC:  7    Str: 19    XL:     6   Next: 24%
Magic:  6/6        EV: 12    Int:  7    God:
Gold:   150        SH:  0    Dex: 14    Spells: 0 memorised, 5 levels left

rFire  x . .     SeeInvis .     a - +0 flail
rCold  + . .     Gourm    .     f - +0 ring mail
rNeg   + + +     Faith    .     (no shield)
rPois  ∞         Spirit   .     c - +0 helmet
rElec  .         Dismiss  +     o - +0 cloak
rCorr  .         Reflect  .     (no gloves)
MR     .....     Harm     .     (no boots)
Stlth  +.........               n - amulet of dismissal
                                (no ring)
                                (no ring)

@: no status effects
A: no food or potions, fire vulnerability, cold resistance 1, negative energy
resistance 3, torment resistance, unbreathing
a: no special abilities


You were on level 4 of the Dungeon.
You were not hungry.

You visited 1 branch of the dungeon, and saw 4 of its levels.

You collected 150 gold pieces.

Inventory:

Hand Weapons
 a - a +0 flail (weapon)
Missiles
 d - 2 throwing nets (quivered)
Armour
 b - a +0 leather armour
 c - a +0 helmet (worn)
 f - a +0 ring mail (worn)
 o - a +0 cloak (worn)
Jewellery
 n - an amulet of dismissal (around neck)
Wands
 h - a wand of confusion (9/48)
Scrolls
 e - a scroll of recharging {unknown}
 g - 2 scrolls of noise
 i - 2 scrolls of teleportation
 j - a scroll of blinking
 k - a scroll of enchant weapon {unknown}
 l - a scroll of identify
 m - 2 scrolls of fog


   Skills:
 - Level 2.0 Fighting
 * Level 5.1 Maces & Flails
 - Level 1.5 Throwing
 + Level 2.5 Armour
 - Level 2.4 Dodging


You had 5 spell levels left.
You didn't know any spells.

Dungeon Overview and Level Annotations

Branches:
Dungeon (4/15)             Temple (0/1) D:4

Altars:
Hepliaklqana
Trog


Innate Abilities, Weirdness & Mutations

You do not eat or drink.
Your flesh is vulnerable to fire.
You are immune to poison.
Your flesh is cold resistant. (rC+)
You are immune to negative energy. (rN+++)
You are immune to unholy pain and torment.
You can survive without breathing.


Message History

You closely miss the ogre.
The ogre is lightly wounded.
The ogre closely misses you.
Your ring mail prevents you from hitting the ogre.
The ogre is lightly wounded.
The ogre barely misses you.
You hit the ogre but do no damage.
The ogre is lightly wounded.
The ogre hits you with a giant club!
You barely miss the ogre.
The ogre is lightly wounded.
The ogre hits you with a giant club!
* * * LOW HITPOINT WARNING * * *
You hit the ogre but do no damage.
The ogre is lightly wounded.
The ogre misses you.
You hit the ogre but do no damage.
The ogre is lightly wounded.
The ogre hits you with a giant club!!
You die...

........####.....................
....##### #############.........
.#### .............. ##
...#)(....... ..........O.... #
.#...#......... #####
............... ....####
############......... #####..##
#...@O(.............#
#..#####..................##
###.........................#
#...........................##
.............................#
##.....................###..#
#......###...........### #...
##.##..## #..........## #...
##.####.## ####..###### ##..


You could see an ogre.

Vanquished Creatures
  An orc wizard (D:3)
  Crazy Yiuf (D:3)
  A worker ant (D:4)
  A hound skeleton (D:4)
  3 gnolls
  12 adders
  A worm (D:2)
  2 dart slugs
  5 leopard geckos
  3 orcs (D:3)
  A ball python (D:4)
  9 bats
  3 giant cockroaches (D:1)
  8 goblins
  7 hobgoblins
  8 jackals
  2 quokkas (D:2)
  7 frilled lizards
  5 kobolds
  10 rats
90 creatures vanquished.

Notes
Turn   | Place    | Note
-------+----------+-------------------------------------------
     0 | D:1      | rgaf the Mummy Gladiator began the quest for the Orb.
     0 | D:1      | Reached XP level 1. HP: 16/16 MP: 1/1
   320 | D:1      | Reached XP level 2. HP: 22/22 MP: 2/2
   431 | D:1      | Reached skill level 3 in Maces & Flails
  1125 | D:2      | Reached XP level 3. HP: 27/27 MP: 3/3
  1240 | D:2      | Found a bloodstained altar of Trog.
  1253 | D:2      | Reached skill level 1 in Armour
  1420 | D:2      | Reached XP level 4. HP: 29/33 MP: 4/4
  1818 | D:2      | Reached skill level 4 in Maces & Flails
  2145 | D:3      | Reached XP level 5. HP: 32/38 MP: 5/5
  3664 | D:3      | Found a hazy altar of Hepliaklqana.
  3732 | D:3      | Found a runed door.
  3736 | D:3      | Noticed Crazy Yiuf
  3744 | D:3      | Killed Crazy Yiuf
  3744 | D:3      | Reached XP level 6. HP: 14/44 MP: 6/6
  4017 | D:4      | Reached skill level 5 in Maces & Flails
  4187 | D:4      | Found a staircase to the Ecumenical Temple.
  5012 | D:4      | Mangled by an ogre

Vault maps used:
D:1:      minmay_arrival_split_and_join, hangedman_decor_push
D:2:      lightli_temple_of_fire, st_stairs_1
D:3:      nicolae_overflow_hidden_temple, first_bread, grunt_ministairs_15,
          uniq_crazy_yiuf_cottage
D:4:      lemuel_coloured_pillars_altar

Skill      XL: |  1  2  3  4  5  6 |
---------------+-------------------+-----
Maces & Flails | 3 4 5 |  5.1
Armour         | 1 2 |  2.5
Fighting       | |  2.0
Throwing       | |  1.5
Dodging        | |  2.4

Action                   |  1- 3 |  4- 6 || total
-------------------------+-------+-------++-------
Melee: Flail             |   104 |   230 ||   334
Throw: Throwing net      |       |     2 ||     2
Evoke: Wand              |       |     4 ||     4
  Use: Scroll            |       |     7 ||     7
Armor: Leather armour    |    20 |       ||    20
       Ring mail         |    28 |    92 ||   120
Dodge: Dodged            |    73 |   183 ||   256
